 Dungeon Crawl Stone Soup version 0.29.0-4-gdea44cf6ec (webtiles) character file.

Game seed: 18039936132810634595

11 qw the Sneak (level 2, -2/19 HPs)
             Began as a Gargoyle Delver on Sept 10, 2022.
             Slain by an orc
             ... wielding a +0 dagger
              (3 damage)
             ... on level 5 of the Dungeon.
             The game lasted 00:00:02 (341 turns).

qw the Sneak (Gargoyle Delver)                       Turns: 341, Time: 00:00:03

Health: -2/19      AC:  5    Str: 15    XL:     2   Next: 29%
Magic:  2/2        EV: 11    Int: 10    God:
Gold:   10         SH:  0    Dex: 11    Spells: 1/1 levels left

rFire   . . .      SeeInvis .   a - +0 hand axe
rCold   . . .      Faith    .   (no shield)
rNeg    + . .      Spirit   .   b - +0 leather armour
rPois   inf        Reflect  .   (no helmet)
rElec   +          Harm     .   (no cloak)
rCorr   .          Rampage  .   (no gloves)
Will    .....                   (no boots)
Stlth   +++.......              (no amulet)
HPRegen 0.06/turn               (no ring)
MPRegen 0.08/turn               (no ring)

@: no status effects
A: sickness immunity, AC +2, negative energy resistance 1, electricity
resistance, torment resistance 1, petrification resistance
a: no special abilities


You were on level 5 of the Dungeon.
You visited 1 branch of the dungeon, and saw 1 of its levels.

You collected 10 gold pieces.


Innate Abilities, Weirdness & Mutations

You are immune to sickness and miasma.
Your stone body is resilient. (AC +2)
You are immune to poison.
You resist negative energy. (rN+)
You are resistant to electric shocks. (rElec)
You are resistant to unholy torment.
You are immune to petrification.


   Skills:
 - Level 3.2 Fighting
 + Level 2.6 Axes
 - Level 1.5 Dodging
 - Level 5.4 Stealth


You had one spell level left.
You didn't know any spells.
Your spell library was empty.

Inventory:

Hand Weapons
 a - a +0 hand axe (weapon)
Armour
 b - a +0 leather armour (worn)
Wands
 g - a wand of digging (3)
Scrolls
 c - a scroll of fog
 d - a scroll of magic mapping
 e - a scroll of fear
 h - a scroll of teleportation {unknown}
Potions
 f - a potion of haste
 i - a potion of curing {unknown}

Dungeon Overview and Level Annotations

Branches:
Dungeon (5/15)
 Temple: D:4-7

Altars:


Message History

You miss the adder.
The adder is heavily wounded.
The adder bites you.
You completely miss the adder.
The adder is heavily wounded.
The adder bites you but does no damage. The adder closely misses you.
You slash the adder!
You kill the adder!
Your Axes skill increases to level 2!
You have reached level 2!
You start resting.
HP restored.
An orc comes into view. It is wielding a +0 falchion.
The orc shouts!
An orc priest comes into view. It is wielding a +0 flail.
An orc priest comes into view. It is wielding a +0 morningstar.
An orc priest comes into view. It is wielding a +0 falchion.
An orc comes into view. It is wielding a +0 dagger.
The orc priest moves out of view.
The orc priest shouts!
You barely miss the orc.
The orc priest shouts!
The orc shouts!
The orc hits you with a +0 falchion.
The orc priest calls down the wrath of Beogh upon you.
Beogh smites you!
Ouch! That really hurt!
You hit the orc priest.
The orc priest is lightly wounded.
You hit the orc. The orc closely misses you.
You hit the orc.
You kill the orc!
You completely miss the orc priest. The orc priest completely misses you.
The orc priest calls upon Beogh to heal the orc priest.
The orc priest's wounds heal themselves!
The orc priest invokes the aid of Beogh against you.
Pain shoots through your body!
You barely miss the orc priest. You hit the orc but do no damage.
The orc hits you with a +0 dagger.
You die...

#..... #....# #.#
#.##.## #.# ### #
###.....## #.# .... .
........#####.##....
# #.............#..#
#####......# #.o...#
#...#.#...## ###o...#
#.....##.#####..@.o.#
#(..####........o...#
##.## #####.......##
...## #.#.##.##
#...## #.#.# .#
.....#######.#.# .#
.........>.....# .#
.....######........
#...## #......


You could see 3 orc priests and an orc.

Vanquished Creatures
  An adder (D:5)
  An orc (D:5)
2 creatures vanquished.

Notes
Turn   | Place    | Note
-------+----------+-------------------------------------------
     0 | D:5      | qw the Gargoyle Delver began the quest for the Orb.
     0 | D:5      | Reached XP level 1. HP: 14/14 MP: 1/1
     0 | D:5      | 0 ||| qw: Version: 0.1-a-116-g5d60599
     0 | D:5      | 0 ||| qw: Game counter: 8039
     0 | D:5      | 0 ||| qw: Always use a shield: true
     0 | D:5      | 0 ||| qw: God list: Okawaru
     0 | D:5      | 0 ||| qw: Allow faded altars: false
     0 | D:5      | 0 ||| qw: Do Orc after D:15 true
     0 | D:5      | 0 ||| qw: Do second Lair branch before Depths: true
     0 | D:5      | 0 ||| qw: Lair rune preference: random
     0 | D:5      | 0 ||| qw: Plans: Normal
     0 | D:5      | 0 ||| PLANNING D:1-11
    34 | D:5      | HP: 3/14 [adder (3)]
    35 | D:5      | HP: 1/14 [adder (2)]
    38 | D:5      | Reached XP level 2. HP: 2/19 MP: 2/2
   340 | D:5      | HP: 1/19 [orc priest/nerve-wracking pain (5)]
   341 | D:5      | Slain by an orc

Levels and vault maps discovered:
D:5:      layout_loops_ring, nicolae_overflow_two_pavilions,
          minmay_temple_entry_drinking_statues

Skill      XL: |  1 |
---------------+----+-----
Axes           | 2 |  2.6
Fighting       | |  3.2
Dodging        | |  1.5
Stealth        | |  5.4

Action                   || total
-------------------------++-------
Melee: Hand axe          ||    16
Armor: Leather armour    ||     7
Dodge: Dodged            ||     8

Table legend:
 A = Non-vault XP
 B = Vault XP
 C = Vault XP percentage of total XP
 D = Non-vault monster count
 E = Vault monster count
 F = Vault count percentage of total count
                 A         B        C        D         E       F
            +---------+---------+-------+---------+---------+-------
      Total |      17 |       0 |   0.0 |       2 |       0 |   0.0
            +---------+---------+-------+---------+---------+-------
        D:5 |      17 |       0 |   0.0 |       2 |       0 |   0.0
            +---------+---------+-------+---------+---------+-------
